 Dungeon Crawl Stone Soup version 0.29-a0-834-g1e95ca9 (webtiles) character file.

Game seed: 4232178563813759395

106525 GeorgeSoros the Destroyer (level 15, -6/118 HPs)
             Began as a Demonspawn Ice Elementalist on July 11, 2022.
             Was the Champion of Vehumet.
             Mangled by a naga warrior
             ... wielding a +0 dire flail
              (29 damage)
             ... on level 2 of the Snake Pit on July 12, 2022.
             The game lasted 02:30:33 (24833 turns).

GeorgeSoros the Destroyer (DsIE)                   Turns: 24833, Time: 02:30:34

Health: -6/118     AC: 28    Str: 12    XL:     15   Next: 97%
Magic:  0/28       EV:  8    Int: 24    God:    Vehumet [******]
Gold:   2273       SH:  5    Dex: 14    Spells: 3/32 levels left

rFire   . . .      SeeInvis .   a - +8 war axe (spect)
rCold   . . .      Faith    .   n - +0 buckler "Irphoit" {Int+4}
rNeg    + . .      Spirit   +   Z - +2 robe {rN+}
rPois   .          Reflect  .   j - +2 hat
rElec   .          Harm     .   y - +0 cloak
rCorr   .          Rampage  .   Q - +2 pair of gloves {infuse}
Will    +....                   (boots unavailable)
Stlth   ++........              F - amulet of regeneration
HPRegen 1.09/turn               m - ring of wizardry
MPRegen 0.42/turn               q - +4 ring of protection

@: lethally poisoned (-6 -> -13), ice-armoured, slowed, constricted, very slow
A: hooves 3, rugged brown scales 2, foul stench 1, augmentation 1, magic shield,
magic regeneration
a: Renounce Religion


You were on level 2 of the Snake Pit.
You worshipped Vehumet.
Vehumet was exalted by your worship.
You visited 5 branches of the dungeon, and saw 24 of its levels.
You visited 1 bazaar.
You also visited: Ossuary, Ice Cave and Volcano.

You collected 4512 gold pieces.
You spent 2239 gold pieces at shops.

Inventory:

Hand Weapons
 a - a +8 spectral war axe (weapon)
 b - the +3 Elemental Staff {rElec rF++ rC++ AC+5}
   (You bought it in a shop in a bazaar)

   If the wielder is skilled in Evocations, they can discharge powerful blasts
   of elemental energy when striking with it.
   It enhances your fire, ice, earth and air magic.
   AC:        It affects your AC (+5).
   rF:        It greatly protects you from fire.
   rC:        It greatly protects you from cold.
   rElec:     It insulates you from electricity.
Missiles
 D - 2 throwing nets
Armour
 j - a +2 hat (worn)
 n - the +0 buckler "Irphoit" (worn) {Int+4}
   (You acquired it on level 3 of the Dungeon)

   Int:       It affects your intelligence (+4).
 y - a +0 cloak (worn)
 I - a +0 troll leather armour
 Q - a +2 pair of gloves of infusion (worn)
 Z - a +2 robe of positive energy (worn)
Jewellery
 g - a ring of flight
 m - a ring of wizardry (left hand)
 p - an amulet of the acrobat
 q - a +4 ring of protection (right hand)
 B - a ring of protection from cold
 F - an amulet of regeneration (around neck)
 H - a +6 ring of strength
 K - a ring of protection from fire
 O - a ring of willpower
 S - an amulet of magic regeneration
Wands
 v - a wand of charming (16)
 w - a wand of mindburst (45)
 E - a wand of iceblast (15)
 J - a wand of flame (60)
 M - a wand of light (6)
 R - a wand of digging (7)
 Y - a wand of polymorph (6)
Scrolls
 l - 4 scrolls of amnesia
 r - a scroll of identify
 s - 5 scrolls of immolation
 t - 9 scrolls of fear
 u - 6 scrolls of teleportation
 A - 2 scrolls of fog
 G - 3 scrolls of poison
 U - 2 scrolls of summoning
 V - 2 scrolls of blinking
 X - a scroll of silence
Potions
 c - 4 potions of magic
 e - 7 potions of brilliance
 f - 5 potions of cancellation
 h - 8 potions of curing
 i - 2 potions of haste
 k - a potion of might
 o - 4 potions of resistance
 x - 7 potions of mutation
 z - 3 potions of heal wounds
 C - a potion of ambrosia
 L - 6 potions of flight
 P - a potion of invisibility


   Skills:
 - Level 9.0 Fighting
 - Level 11.5 Axes
 + Level 3.6 Staves
 - Level 5.0 Armour
 - Level 1.7 Dodging
 - Level 1.7 Stealth
 - Level 4.0 Shields
 - Level 9.1 Spellcasting
 - Level 14.4 Conjurations
 - Level 13.7 Ice Magic
 - Level 6.1 Air Magic
 + Level 4.0 Evocations


You had 3 spell levels left.
You knew the following spells:

 Your Spells              Type           Power      Damage    Failure   Level
a - Freeze                Ice            100%       1d11      1%          1
b - Frozen Ramparts       Ice            100%       1d12      1%          3
c - Ozocubu's Armour      Ice            67%        N/A       1%          3
d - Conjure Ball Lightni  Conj/Air       28%        3x3d8     1%          6
e - Shock                 Conj/Air       100%       1d9       1%          1
g - Stone Arrow           Conj/Erth      90%        3d12      1%          3
h - Lightning Bolt        Conj/Air       28%        1d45      1%          5
i - Ozocubu's Refrigerat  Ice            33%        4d11      2%          7

Your spell library contained the following spells:

 Spells                   Type           Power      Damage    Failure   Level
 Fireball                 Conj/Fire      22%        3d10      1%          5
 Magic Dart               Conj           100%       1d8       0%          1
 Foxfire                  Conj/Fire      100%       2x1d9     1%          1
 Ensorcelled Hibernation  Hex/Ice        86%        N/A       1%          2
 Static Discharge         Conj/Air       57%        3-11/arc  1%          2
 Conjure Flame            Conj/Fire      45%        6-21      1%          3
 Mephitic Cloud           Conj/Pois/Air  43%        N/A       1%          3
 Swiftness                Air            40%        N/A       1%          3
 Inner Flame              Hex/Fire       10%        N/A       2%          3
 Beastly Appendage        Tmut           20%        N/A       3%          1
 Blink                    Tloc           20%        N/A       4%          2
 Call Imp                 Summ           10%        N/A       4%          2
 Passwall                 Tmut/Erth      8%         N/A       4%          2
 Wereblood                Tmut           10%        N/A       4%          2
 Call Canine Familiar     Summ           10%        N/A       9%          3
 Lesser Beckoning         Tloc           10%        N/A       9%          3
 Portal Projectile        Hex/Tloc       20%        N/A       9%          3
 Spider Form              Tmut/Pois      10%        N/A       9%          3
 Summon Guardian Golem    Hex/Summ       10%        N/A       9%          3
 Flame Wave               Conj/Fire      45%        2d10      1%          4
 Hailstorm                Conj/Ice       68%        3d14      1%          4
 Orb of Destruction       Conj           34%        9d10      2%          7
 Olgreb's Toxic Radiance  Pois           10%        N/A       9%          4
 Cause Fear               Hex            5%         N/A       28%         4
 Leda's Liquefaction      Hex/Erth       5%         N/A       28%         4
 Spellforged Servitor     Conj/Summ      22%        N/A       30%         7
 Manifold Assault         Tloc           10%        N/A       58%         5
 Dragon Form              Tmut           5%         N/A       100%        7
 Discord                  Hex            5%         N/A       100%        8
 Ignition                 Fire           5%         3d4       100%        8
 Dragon's Call            Summ           5%         N/A       100%        9


Dungeon Overview and Level Annotations

Branches:
Dungeon (13/15)            Temple (1/1) D:4            Lair (6/6) D:11
  Swamp (0/4) Lair:3        Snake (2/4) Lair:3        Slime (0/5) Lair:5
    Orc (2/2) D:12            Elf (0/3) Orc:2        Vaults (0/5) D:13
Ossuary (visited)           IceCv (visited)         Volcano (visited)

Altars:
Ashenzari
Cheibriados
Dithmenos
Fedhas
Gozag
Hepliaklqana
Kikubaaqudgha
Makhleb
Nemelex Xobeh
Okawaru
Qazlal
Ru
Sif Muna
Trog
Uskayaw
Vehumet
Wu Jian
Xom
Yredelemnul
Jiyva

Shops:
D:13 [(   Orc:2 [(*(=   Snake:1 *

Annotations:
D:11 1 runed translucent door
Snake:1 1 runed translucent door, moogleknight's ghost, adept HuBe
Snake:2 1 runed translucent door, Filu's ghost, journeyman FeMo


Innate Abilities, Weirdness & Mutations

You have hooves in place of feet.
You are mostly covered in rugged brown scales. (AC +2, +5% HP)
You may rarely emit foul miasma when damaged in melee.
Your magical and physical power is slightly enhanced at high health.
When hurt, damage is shared between your health and your magic reserves.
You regenerate magic rapidly.


Message History

You closely miss the naga warrior. You kick the naga warrior.
The naga warrior is severely wounded.
You hit the naga warrior but do no damage.
Your +8 spectral war axe hits the naga warrior! x2
Your +8 spectral war axe hits the guardian serpent!
You kill the guardian serpent!
Vehumet accepts your kill.
You feel extremely sick.
The wall freezes the naga warrior.
The naga warrior roars a battlecry!
The naga warrior goes into a battle-frenzy!
The naga warrior constricts you.
The naga warrior hits you with a +0 dire flail!!
The naga warrior roars a battlecry!
The naga warrior goes into a battle-frenzy!
The wall freezes the naga warrior.
The naga warrior barely misses you.
The naga warrior completely misses your +8 spectral war axe.
The naga warrior constricts you.
You barely miss the naga warrior.
You kick the naga warrior, but do no damage.
The naga warrior is almost dead.
You barely miss the naga warrior.
Your +8 spectral war axe hits the naga warrior!
You feel extremely sick.
The wall freezes the naga warrior!
You kill the naga warrior!
Vehumet accepts your kill.
You feel your power returning.
The naga warrior hits you with a +0 dire flail!!
* * * LOW HITPOINT WARNING * * *
The naga warrior grabs you. The naga warrior constricts you.
* * * LOW HITPOINT WARNING * * *
Your Evocations skill increases to level 4!
You hit the naga warrior. Your kick misses the naga warrior.
The naga warrior is heavily wounded.
Your +8 spectral war axe hits the naga warrior!
The frozen ramparts melt away.
You feel extremely sick.
The naga warrior hits you with a +0 dire flail!!
You die...

# #. ##. #### #..
##...##)# #..
........).# #..
....#....N@# #.
.......#.....(####
.... ....#.........##
#.#.##...#...#####..##
#.#.#......## ##.##..#
#...#......####=(W##.#
#...........###+###.##
#...#.......#.......[#
#.........))#.....####


You could see a naga warrior (strong, catching breath) and a friendly +8
spectral war axe (summoned).

Vanquished Creatures
  Rupert (Lair:5)
  Kirke (Lair:4)
  A frost giant (IceCv)
  An ironbound preserver (D:13)
  A dire elephant (Lair:6)
  Snorg (D:11)
  8 hydras
  A boulder beetle (D:13)
  An ice dragon (Lair:6)
  2 catoblepae (Lair:6)
  4 two-headed ogres
  3 centaur warriors
  4 anacondas
  4 naga warriors
  16 death yaks
  A shock serpent (Snake:1)
  A naga sharpshooter (Snake:2)
  Amaemon (D:9)
  Lodul (D:13)
  A lindwurm (Lair:6)
  4 orc knights (Orc:2)
  4 orc sorcerers
  3 ugly things
  A deep elf pyromancer (D:13)
  A mana viper (Snake:2)
  6 manticores
  2 oklob plants (D:11)
  A salamander (Snake:2)
  3 cyclopes (D:13)
  5 guardian serpents
  8 elephants
  11 black mambas
  7 naga magi
  5 torpor snails (Lair:6)
  3 gargoyles
  An ice statue (IceCv)
  16 cane toads
  An unseen horror (D:13)
  An orange demon (D:9)
  An efreet (Volcano)
  A kobold demonologist (D:10)
  5 rime drakes
  19 komodo dragons
  2 ice devils (Lair:1)
  11 trolls
  8 hornets
  4 polar bears (IceCv)
  5 tyrant leeches
  5 slime creatures (D:13)
  9 dream sheep
  7 blink frogs
  3 shadows
  A vampire (D:10)
  70 yaks
  3 wraiths
  4 wyverns
  Eustachio (D:3)
  A basilisk (Lair:4)
  4 steam dragons
  A fire elemental (Volcano)
  4 hogs (Lair:4)
  A vampire mosquito (D:13)
  8 nagas
  2 swamp worms (Lair:3)
  5 wargs
  18 water moccasins
  31 orc warriors
  4 ice beasts
  A sky beast (D:6)
  5 black bears
  17 ogres
  15 centaurs
  37 wolves
  A kobold brigand (D:9)
  12 bullfrogs
  A necrophage (D:7)
  2 gnoll sergeants
  3 scorpions (D:5)
  5 wights
  7 killer bees (D:9)
  An electric eel (Lair:5)
  A hound (D:6)
  13 orc priests
  Crazy Yiuf (D:4)
  2 iguanas
  4 gnoll boudas
  15 orc wizards
  8 hell rats
  17 gnolls
  8 adders
  4 shadow imps
  3 white imps
  An ufetubus (D:3)
  2 adder zombies (Ossuary)
  2 worms
  2 dart slugs
  68 orcs
  5 ball pythons
  8 bats
  5 endoplasms
  9 hobgoblins
  3 quokkas
  A ball python skeleton (Ossuary)
  6 frilled lizards
  5 goblins
  2 hobgoblin skeletons (Ossuary)
  A hobgoblin zombie (D:4)
  6 kobolds
  An orc skeleton (Ossuary)
  4 orc zombies (Ossuary)
  5 rats
  2 rat zombies (D:4)
696 creatures vanquished.

Vanquished Creatures (others)
  A naga (Snake:2)
  54 fungi
  76 plants
131 creatures vanquished.

Grand Total: 827 creatures vanquished

Notes
Turn   | Place    | Note
-------+----------+-------------------------------------------
     0 | D:1      | GeorgeSoros the Demonspawn Ice Elementalist began the quest
                  | for the Orb.
     0 | D:1      | Reached XP level 1. HP: 13/13 MP: 3/3
   371 | D:1      | Gained mutation: You regenerate magic rapidly. [demonic
                  | ancestry]
   371 | D:1      | Reached XP level 2. HP: 18/19 MP: 1/5
   592 | D:1      | Found a faded altar of an unknown god.
  1275 | D:2      | Gained mutation: You are partially covered in rugged brown
                  | scales. (AC +1, +3% HP) [demonic ancestry]
  1275 | D:2      | Reached XP level 3. HP: 16/24 MP: 0/6
  1420 | D:2      | Learned a level 3 spell: Frozen Ramparts
  2005 | D:2      | Gained mutation: When hurt, damage is shared between your
                  | health and your magic reserves. [demonic ancestry]
  2005 | D:2      | Reached XP level 4. HP: 30/30 MP: 5/7
  2166 | D:3      | Reached skill level 5 in Ice Magic
  2173 | D:3      | Learned a level 3 spell: Ozocubu's Armour
  2362 | D:3      | Identified a scroll of acquirement
  2362 | D:3      | Acquired the +0 buckler "Irphoit" {Int+4}
  2532 | D:3      | Reached skill level 1 in Shields
  2532 | D:3      | Gained mutation: You may rarely emit foul miasma when
                  | damaged in melee. [demonic ancestry]
  2532 | D:3      | Reached XP level 5. HP: 36/36 MP: 3/9
  2821 | D:3      | Noticed a water moccasin
  2827 | D:3      | Killed a water moccasin
  2828 | D:3      | Gained mutation: You have large cloven feet. [demonic
                  | ancestry]
  2828 | D:3      | Reached XP level 6. HP: 41/42 MP: 2/10
  2890 | D:3      | Found a faded altar of an unknown god.
  2890 | D:3      | Found a basalt altar of Yredelemnul.
  2901 | D:3      | Found an ornate altar of the Wu Jian Council.
  2903 | D:3      | Found a faded altar of an unknown god.
  3306 | D:4      | Found a sand-covered staircase.
  3314 | D:4      | Noticed Eustachio
  3352 | D:3      | Killed Eustachio
  3420 | Ossuary  | Entered an ossuary
  3459 | Ossuary  | Reached skill level 1 in Armour
  3536 | Ossuary  | Noticed a wraith
  3536 | Ossuary  | Noticed a flying skull
  3553 | Ossuary  | Noticed a wraith
  3564 | Ossuary  | Killed a wraith
  3565 | Ossuary  | Reached XP level 7. HP: 25/47 MP: 2/12
  3740 | Ossuary  | Noticed a flying skull
  3767 | Ossuary  | Noticed a flying skull
  3817 | Ossuary  | HP: 1/43 [wight/+4 war axe (8)]
  4180 | Ossuary  | Noticed a wraith
  4185 | Ossuary  | Killed a wraith
  4314 | D:4      | Learned a level 4 spell: Hailstorm
  4402 | D:4      | Found a staircase to the Ecumenical Temple.
  4412 | Temple   | Entered the Ecumenical Temple
  4579 | Temple   | Became a worshipper of Vehumet
  4677 | D:4      | Found a runed translucent door.
  4678 | D:4      | Noticed Crazy Yiuf
  4684 | D:4      | Killed Crazy Yiuf
  4685 | D:4      | Reached skill level 1 in Conjurations
  4880 | D:5      | Entered Level 5 of the Dungeon
  4887 | D:5      | Gained mutation: You have hoof-like feet. [demonic
                  | ancestry]
  4887 | D:5      | Reached XP level 8. HP: 53/53 MP: 7/14
  5377 | D:5      | Reached skill level 2 in Conjurations
  6046 | D:6      | Reached skill level 3 in Conjurations
  6407 | D:6      | Reached * piety under Vehumet
  6407 | D:6      | Offered knowledge of Shock by Vehumet.
  6410 | D:6      | Learned a level 1 spell: Shock
  6729 | D:6      | Reached skill level 4 in Conjurations
  6835 | D:6      | Reached XP level 9. HP: 45/57 MP: 0/15
  6836 | D:6      | Reached skill level 5 in Armour
  7493 | D:7      | Reached skill level 5 in Conjurations
  7540 | D:7      | Reached skill level 1 in Fighting
  7789 | D:7      | Offered knowledge of Static Discharge by Vehumet.
  7797 | D:7      | Reached ** piety under Vehumet
  8000 | D:7      | Learned a level 2 spell: Static Discharge
  8376 | D:8      | Found a shimmering blue altar of Sif Muna.
  8405 | D:8      | Reached skill level 6 in Conjurations
  8507 | D:8      | Gained mutation: You have hooves in place of feet. [demonic
                  | ancestry]
  8507 | D:8      | Reached XP level 10. HP: 70/72 MP: 17/17
  8768 | D:8      | Found an opulent altar of Gozag.
  8777 | D:8      | Found a shimmering altar of Xom.
  8977 | D:9      | Reached skill level 5 in Spellcasting
  9052 | D:9      | Offered knowledge of Stone Arrow by Vehumet.
  9057 | D:9      | Learned a level 3 spell: Stone Arrow
  9091 | D:9      | Noticed Amaemon
  9091 | D:9      | Noticed an orange demon
  9101 | D:9      | Killed Amaemon
  9102 | D:9      | Killed an orange demon
  9163 | D:9      | Reached skill level 7 in Conjurations
  9220 | D:9      | Reached *** piety under Vehumet
  9236 | D:9      | Reached skill level 5 in Fighting
  9685 | D:9      | Acquired 1067 gold pieces
  9850 | D:10     | Entered Level 10 of the Dungeon
 10253 | D:10     | Reached skill level 1 in Axes
 10256 | D:10     | Reached XP level 11. HP: 83/83 MP: 7/20
 10404 | D:10     | Reached skill level 8 in Conjurations
 10614 | D:11     | Noticed an oklob plant
 10614 | D:11     | Found a runed translucent door.
 10614 | D:11     | Found a staircase to the Lair.
 10625 | D:10     | Offered knowledge of Fulminant Prism by Vehumet.
 10752 | D:11     | Noticed a two-headed ogre
 10860 | D:10     | Killed a two-headed ogre
 10866 | D:10     | Reached skill level 10 in Ice Magic
 11018 | D:11     | Noticed Snorg
 11028 | D:11     | Killed Snorg
 11068 | D:11     | Identified the +1 ring mail "Peits" {rN+ Dex+4 SInv}
 11072 | D:11     | Noticed an oklob plant
 11151 | D:11     | Killed an oklob plant
 11277 | D:11     | Killed an oklob plant
 11404 | D:11     | Noticed a fire crab
 11501 | D:11     | Noticed a white ugly thing
 11508 | D:11     | Killed a white ugly thing
 11638 | Lair:1   | Entered Level 1 of the Lair of Beasts
 11652 | Lair:1   | Reached skill level 9 in Conjurations
 11688 | Lair:1   | Reached **** piety under Vehumet
 11713 | Lair:1   | Offered knowledge of Lightning Bolt by Vehumet.
 11739 | Lair:1   | Gained mutation: You are mostly covered in rugged brown
                  | scales. (AC +2, +5% HP) [demonic ancestry]
 11739 | Lair:1   | Reached XP level 12. HP: 75/96 MP: 15/21
 11765 | Lair:1   | Reached skill level 5 in Axes
 11765 | Lair:1   | Found a frozen archway.
 11774 | IceCv    | Entered an ice cave
 11827 | IceCv    | Noticed a death yak
 11832 | IceCv    | Noticed a death yak
 11836 | IceCv    | Killed a death yak
 11843 | IceCv    | Killed a death yak
 11932 | IceCv    | Noticed a death yak
 11942 | IceCv    | Killed a death yak
 12051 | IceCv    | Reached skill level 10 in Conjurations
 12117 | IceCv    | Noticed a death yak
 12118 | IceCv    | Noticed a death yak
 12122 | IceCv    | Noticed a death yak
 12125 | IceCv    | Killed a death yak
 12130 | IceCv    | Noticed a death yak
 12133 | IceCv    | Killed a death yak
 12136 | IceCv    | Killed a death yak
 12139 | IceCv    | Killed a death yak
 12146 | IceCv    | Learned a level 5 spell: Lightning Bolt
 12193 | IceCv    | Noticed a frost giant
 12193 | IceCv    | Noticed a death yak
 12213 | IceCv    | Killed a frost giant
 12214 | IceCv    | Reached skill level 1 in Air Magic
 12216 | IceCv    | Killed a death yak
 12678 | Lair:1   | Reached ***** piety under Vehumet
 12678 | Lair:1   | Offered knowledge of Starburst by Vehumet.
 12679 | Lair:1   | Reached XP level 13. HP: 106/106 MP: 16/22
 13309 | Lair:2   | Reached skill level 11 in Conjurations
 14123 | Lair:3   | Found a staircase to the Snake Pit.
 14332 | Lair:3   | Found a staircase to the Swamp.
 14422 | Lair:3   | Found a dark tunnel.
 14427 | Volcano  | Entered a volcano
 15800 | Lair:4   | Reached skill level 12 in Conjurations
 15968 | Lair:4   | Noticed Kirke
 15979 | Lair:4   | Killed Kirke
 15980 | Lair:4   | Reached XP level 14. HP: 98/113 MP: 7/24
 16219 | Lair:5   | Noticed Rupert
 16232 | Lair:5   | Paralysed by Rupert for 5 turns
 16240 | Lair:5   | HP: 2/113 [Rupert/+0 vorpal great sword (4)]
 16335 | Lair:5   | Offered knowledge of Lee's Rapid Deconstruction by Vehumet.
 16396 | Lair:5   | Killed Rupert
 17008 | Lair:5   | Found a viscous altar of Jiyva.
 17008 | Lair:5   | Found a staircase to the Slime Pits.
 17533 | Lair:6   | Entered Level 6 of the Lair of Beasts
 18078 | Lair:6   | Found a runed translucent door.
 18239 | Lair:6   | Paralysed by a hornet for 3 turns
 18521 | Lair:6   | Reached skill level 13 in Conjurations
 18558 | Lair:6   | Reached skill level 10 in Axes
 19027 | Lair:6   | Upgraded the game from 0.29-a0-830-gcb12804 to
                  | 0.29-a0-831-g412af75
 19513 | D:12     | Gained mutation: Your magical and physical power is
                  | slightly enhanced at high health. [demonic ancestry]
 19513 | D:12     | Reached XP level 15. HP: 118/118 MP: 19/27
 19904 | D:12     | Found a staircase to the Orcish Mines.
 20080 | D:12     | Learned a level 7 spell: Ozocubu's Refrigeration
 20109 | Orc:1    | Entered Level 1 of the Orcish Mines
 20110 | Orc:1    | Offered knowledge of Conjure Ball Lightning by Vehumet.
 20295 | Orc:1    | Found a burning altar of Makhleb.
 20542 | Orc:1    | Learned a level 6 spell: Conjure Ball Lightning
 20543 | Orc:2    | Entered Level 2 of the Orcish Mines
 20934 | Orc:2    | Reached skill level 5 in Air Magic
 21092 | Orc:2    | Reached skill level 14 in Conjurations
 21107 | Orc:2    | Reached ****** piety under Vehumet
 21166 | Orc:2    | Found a staircase to the Elven Halls.
 21255 | Orc:2    | Found Vugoufeb's Jewellery Emporium.
 21315 | Orc:2    | Found Kegefug's General Store.
 21315 | Orc:2    | Found Vadghad's Weapon Shop.
 21317 | Orc:2    | Found Jaagg's Armour Boutique.
 21319 | Orc:2    | Found Uxajasec's Antique Weapon Emporium.
 21323 | Orc:2    | Bought a scroll of enchant armour for 105 gold pieces
 21421 | Orc:1    | Offered knowledge of Yara's Violent Unravelling by Vehumet.
 21716 | D:13     | Found Zugarric's Antique Armour Shop.
 22054 | D:13     | Noticed Lodul
 22061 | D:13     | Killed Lodul
 22370 | D:13     | Found a gate to the Vaults.
 22571 | D:13     | Found Xigel's Weapon Boutique.
 22841 | Snake:1  | Entered Level 1 of the Snake Pit
 23124 | Snake:1  | Found Guvaeng's Mayhem Merchandise.
 23191 | Snake:1  | Found a flickering gateway to a bazaar.
 23200 | Bazaar   | Entered a bazaar
 23201 | Bazaar   | Upgraded the game from 0.29-a0-831-g412af75 to
                  | 0.29-a0-834-g1e95ca9
 23395 | Bazaar   | Found Loub's Antique Weapon Emporium.
 23411 | Bazaar   | Found Loxen's Antique Weapon Shoppe.
 23411 | Bazaar   | Found Byteskoepn's Weapon Emporium.
 23433 | Bazaar   | Found Veokhlon's Antique Armour Shoppe.
 23433 | Bazaar   | Found Surphupp's Antique Weapon Emporium.
 23438 | Bazaar   | Bought a faintly humming leather armour for 231 gold pieces
 23438 | Bazaar   | Identified the +1 leather armour "Ygror" {rC+ Stlth+} (You
                  | bought it in a shop in a bazaar)
 23486 | Bazaar   | Bought the +3 Elemental Staff {rElec rF++ rC++ AC+5} for
                  | 1903 gold pieces
 23486 | Bazaar   | Found the +3 Elemental Staff {rElec rF++ rC++ AC+5}
 23643 | Snake:1  | Reached skill level 1 in Staves
 23643 | Snake:1  | Reached skill level 1 in Evocations
 23761 | Snake:1  | Found a runed translucent door.
 23761 | Snake:1  | Noticed moogleknight's ghost (adept HuBe)
 23772 | Snake:1  | Found an iron altar of Okawaru.
 24023 | Snake:1  | Found a basalt altar of Yredelemnul.
 24674 | Snake:2  | Found a runed translucent door.
 24674 | Snake:2  | Identified the +4 short sword of Kiolyad {holy, rPois
                  | Dex+2}
 24790 | Snake:2  | Found a shimmering altar of Xom.
 24790 | Snake:2  | Noticed Filu's ghost (journeyman FeMo)
 24825 | Snake:2  | Offered knowledge of Fireball by Vehumet.
 24833 | Snake:2  | Mangled by a naga warrior

Illustrated notes

Levels and vault maps discovered:
D:1:      dpeg_arrival_arbitrary_c, layout_basic, ebering_ecumenical_altar_box,
          serial_park_tiny_pond, minmay_misc_feat_alley, kennysheep_doodads,
          hex_tiny, chequers_mini_garden
D:2:      layout_basic
D:3:      layout_basic, chequers_temple_overflow_minitemple
D:4:      layout_basic, minmay_temple_entry_poolview, enter_ossuary_3,
          uniq_crazy_yiuf_cottage, uniq_eustachio
D:5:      layout_basic
D:6:      layout_loops_corners, serial_aquarium, aquarium_bridge_straight
          [aquarium_subvault_bridge, aquarium_subvault_window,
          aquarium_subvault_bridge, aquarium_subvault_window],
          aquarium_window_2, aquarium_window_2, aquarium_view_2c,
          aquarium_view_2c, aquarium_balcony_3a, aquarium_pool_2
D:7:      layout_loops_cross
D:8:      layout_rooms, mainiacjoe_overflow_swirl,
          mainiacjoe_overflow_surrounded_room
D:9:      layout_irregular_city, minmay_circle_x, uniq_amaemon
D:10:     layout_roguey, chequers_serial_rivers_small_a
D:11:     gammafunk_mikee_crab_dinner, layout_rooms, dpeg_oklobed_lair,
          uniq_snorg
D:12:     layout_long_grid, orc_0_dummy
D:13:     layout_long_grid, skrybe_vaults_entry_preservation,
          gauntlet_entry_generic, serial_shops, kennysheep_little_box,
          nicolae_square_shop, serial_glass, glass_columns_b, glass_columns_c,
          uniq_lodul
Temple:   nicolae_temple_superstar
Lair:1:   layout_misc_corridors, portal_ice_cave_demonic_guard, minmay_holes,
          serial_bayou_shore_b, grunt_megastairs_3, infiniplex_staircase_pool,
          lemuel_fruit_tree
Lair:2:   layout_roguey, serial_bayou_shore_a
Lair:3:   layout_cave_shapes, minmay_swamp_entry_worms, dummy_snake_entry,
          enter_volcano_4, beast_lair_carwin_2
Lair:4:   layout_gridlike, uniq_kirke
Lair:5:   beast_lair_carwin_large_2, layout_cave_pods,
          dpeg_slime_entry_enclosed, gammafunk_lair_bear_cave, uniq_rupert
Lair:6:   hangedman_lair_in_review, layout_regular_city, wormcave,
          guppyfry_lair_drakes
Snake:1:  layout_chambers, hellmonk_ghost_happy_afterlife, serial_shops,
          bzr_firewalk, st_stairs_7, minmay_shop_mayhem, drop_trap,
          hangedman_feature_mirror, serial_bayou_shore_b
Snake:2:  layout_misc_corridors, ebering_ghost_xom
Orc:1:    layout_caves, basic_altar, mines5_lemuel
Orc:2:    st_orc_rangers, layout_caves, basic_altar, serial_shops,
          nicolae_shop_behind_doors

Skill      XL: |  1  2  3  4  5  6  7  8  9 10 11 12 13 14 15 |
---------------+----------------------------------------------+-----
Ice Magic      | 4 5 6 7 8 9 10 11 12 13 | 13.7
Spellcasting   | 3 4 6 8 9 |  9.1
Shields        | 1 3 4 |  4.0
Armour         | 1 3 4 5 |  5.0
Conjurations   | 1 4 6 7 9 10 12 13 14 | 14.4
Fighting       | 3 5 7 9 |  9.0
Axes           | 1 4 6 8 10 11 | 11.5
Air Magic      | 2 4 6 |  6.1
Staves         | 3 |  3.6
Evocations     | 4 |  4.0
Dodging        | |  1.7
Stealth        | |  1.7

Action                   |  1- 3 |  4- 6 |  7- 9 | 10-12 | 13-15 || total
-------------------------+-------+-------+-------+-------+-------++-------
Melee: Spear             |    42 |    29 |       |       |       ||    71
       Trident           |       |    64 |       |       |       ||    64
       Kick              |       |    17 |    47 |    84 |   196 ||   344
       Rapier            |       |     7 |    17 |       |       ||    24
       War axe           |       |       |   151 |   174 |   473 ||   798
 Cast: Freeze            |    51 |    19 |     4 |       |     3 ||    77
       Frozen Ramparts   |       |    10 |    37 |    47 |   120 ||   214
       Ozocubu's Armour  |       |     4 |    30 |    48 |   123 ||   205
       Hailstorm         |       |       |    16 |    35 |    19 ||    70
       Shock             |       |       |     5 |     2 |    21 ||    28
       Stone Arrow       |       |       |       |    12 |    47 ||    59
       Lightning Bolt    |       |       |       |       |     8 ||     8
       Ozocubu's Refrige |       |       |       |       |    49 ||    49
Evoke: Wand              |       |       |       |     3 |       ||     3
  Use: Scroll            |     7 |     3 |     6 |     9 |    15 ||    40
       Potion            |       |       |       |     6 |     8 ||    14
 Stab: Sleeping          |     3 |    13 |       |       |     3 ||    19
       Distracted        |       |       |       |       |     4 ||     4
Armor: Robe              |    13 |    55 |    65 |   108 |   256 ||   497
Dodge: Dodged            |    26 |    55 |    84 |   141 |   292 ||   598
Block: Buckler           |       |     8 |    32 |    55 |   116 ||   211

Table legend: (Time is in decaauts)
 A = Elapsed time spent in this place.
 B = Non-inter-level travel time spent in this place.
 C = Inter-level travel time spent in this place.
 D = Time resting spent in this place.
 E = Time spent auto-exploring this place.
 F = Levels seen in this place.
 G = Mean time per level.
                   A        B        C        D        E       F      G
               +--------+--------+--------+--------+--------+-----+--------+
         Total |  25131 |  23384 |   1747 |   2114 |  15165 |  28 |  897.5 |
       Dungeon |  12589 |  11583 |   1006 |    757 |   8405 |  13 |  968.4 |
        Temple |    179 |    168 |     11 |      0 |     73 |   1 |  179.0 |
          Lair |   6981 |   6427 |    554 |    236 |   4484 |   6 | 1163.5 |
     Snake Pit |   1677 |   1557 |    120 |    249 |    804 |   2 |  838.5 |
  Orcish Mines |   1493 |   1437 |     56 |    279 |    803 |   2 |  746.5 |
        Bazaar |    325 |    325 |      0 |      0 |    234 |   1 |  325.0 |
       Ossuary |    859 |    859 |      0 |    442 |     54 |   1 |  859.0 |
      Ice Cave |    653 |    653 |      0 |    151 |    131 |   1 |  653.0 |
       Volcano |    370 |    370 |      0 |      0 |    176 |   1 |  370.0 |
               +--------+--------+--------+--------+--------+-----+--------+

Top non-repeatable levels by time:
  Lair:6: 1752 daAuts
     D:6: 1561 daAuts
  Lair:5: 1467 daAuts
 Snake:1: 1447 daAuts
     D:3: 1267 daAuts
  Lair:4: 1135 daAuts
     D:2: 1128 daAuts
    D:10: 1055 daAuts
  Lair:1: 1036 daAuts
    D:13: 1024 daAuts
     D:9: 996 daAuts
     D:5: 992 daAuts
     D:1: 984 daAuts
  Lair:2: 942 daAuts
 Ossuary: 859 daAuts
